 Dungeon Crawl Stone Soup version 0.25.0-26-g0c896c7088 (webtiles) character file.

Game seed: 7973705390078901655

29 greatoctopus the Chiller (level 3, -1/24 HPs)
             Began as a Merfolk Ice Elementalist on July 3, 2020.
             Slain by an adder (5 damage)
             ... on level 2 of the Dungeon.
             The game lasted 00:02:29 (1067 turns).

greatoctopus the Chiller (Merfolk Ice Elementalist) Turns: 1067, Time: 00:02:30

Health: -1/24      AC:  2    Str:  9    XL:     3   Next: 16%
Magic:  0/6        EV: 13    Int: 14    God:
Gold:   27         SH:  0    Dex: 14    Spells: 2/6 levels left

rFire    . . .     SeeInvis .   (no weapon)
rCold    . . .     Gourm    .   (no shield)
rNeg     . . .     Faith    .   a - +0 robe
rPois    .         Spirit   .   (no helmet)
rElec    .         Reflect  .   (no cloak)
rCorr    .         Harm     .   (no gloves)
MR       .....                  (no boots)
Stlth    ++........             (no amulet)
HPRegen  0.08/turn              (no ring)
MPRegen  0.10/turn              (no ring)

@: lethally poisoned (-1 -> -5), very slightly contaminated
A: change form in water, swift swim, stealthy swim
a: no special abilities


You were on level 2 of the Dungeon.
You were not hungry.

You visited 1 branch of the dungeon, and saw 2 of its levels.

You collected 27 gold pieces.

Inventory:

Armour
 a - a +0 robe (worn)
Scrolls
 b - a scroll of identify {unknown}
Comestibles
 c - a ration
 d - a chunk of flesh


   Skills:
 - Level 2.6 Dodging
 - Level 2.1 Stealth
 - Level 2.0 Spellcasting
 + Level 5.5 Ice Magic


You had 2 spell levels left.
You knew the following spells:

 Your Spells              Type           Power        Failure   Level  Hunger
a - Freeze                Ice            ###.         2%          1    ##.....
b - Frozen Ramparts       Ice            ###...       8%          3    ####...

Your spell library contained the following spells:

 Spells                   Type           Power        Failure   Level  Hunger
 Ozocubu's Armour         Chrm/Ice       #.......     22%         3    ####...
 Hailstorm                Conj/Ice       #.......     58%         4    #####..
 Summon Ice Beast         Ice/Summ       #.......     58%         4    #####..


Dungeon Overview and Level Annotations

Branches:
Dungeon (2/15)

Altars:


Message History

The adder is heavily wounded.
The adder bites you.
You are poisoned.
The adder poisons you!
Unknown command.
You feel sick. The adder bites you but does no damage.
You feel sick.
You feel sick. The adder misses you.
You feel sick.
Casting: Freeze (safe; 2% risk of failure)
Confirm with . or Enter, or press ? or * to list all spells.
Aiming: Freeze (safe; 2% risk of failure)
Press: ? - help, Shift-Dir - straight line, f/p - adder
Aim: an adder (heavily wounded)
You freeze the adder.
The adder is almost dead.
The adder bites you.
* * * LOW HITPOINT WARNING * * *
The adder bites you.
You die...

####........ #..# #.......#
........... #.###.......+
.........# #...........#
.........###### +...........#
........w.....# ####...........#
.......######w####...............
####+#.....##.##..........#######
#.#....†.##.#+#....#.#######
#.#......##@....#'##.#......
#.#...†..##S....#..#........
..#.......#.....##÷#........
###.....#.#.....##..........
###.........#####..#......
#.....#.### #..#...... #.....#+#
#..#...... #....... ##>#.#####
#....... ###.#


You could see an adder.

Vanquished Creatures
  An adder (D:2)
  2 dart slugs (D:2)
  2 giant cockroaches (D:2)
  A hobgoblin (D:2)
  3 jackals (D:2)
  A quokka (D:2)
  A bat (D:2)
  2 frilled lizards (D:2)
  4 rats (D:2)
17 creatures vanquished.

Notes
Turn   | Place    | Note
-------+----------+-------------------------------------------
     0 | D:1      | greatoctopus the Merfolk Ice Elementalist began the quest
                  | for the Orb.
     0 | D:1      | Reached XP level 1. HP: 13/13 MP: 3/3
   297 | D:2      | Reached skill level 5 in Ice Magic
   297 | D:2      | Reached XP level 2. HP: 4/19 MP: 0/5
   987 | D:2      | Reached XP level 3. HP: 19/24 MP: 4/6
   992 | D:2      | Learned a level 3 spell: Frozen Ramparts
  1067 | D:2      | Slain by an adder

Illustrated notes

Levels and vault maps discovered:
D:1:      dpeg_arrival_shrine, layout_loops_ring, st_stairs_13,
          chequers_decorated_corner, minmay_tetromino_l2
D:2:      layout_basic

Skill      XL: |  1 |
---------------+----+-----
Ice Magic      | 5 |  5.5
Dodging        | |  2.6
Stealth        | |  2.1
Spellcasting   | |  2.0

Action                   || total
-------------------------++-------
Melee: Unarmed           ||    20
 Cast: Freeze            ||    28
 Stab: Sleeping          ||     1
  Eat: Chunk             ||     1
Armor: Robe              ||     6
Dodge: Dodged            ||    28
